 Dungeon Crawl Stone Soup version 0.26-a0-931-g326f72de0d (webtiles) character file.

Game seed: 8315029284016234221

209 leviel the Chopper (level 5, -1/70 HPs)
             Began as a Hill Orc Berserker on Nov 26, 2020.
             Was a Priest of Trog.
             Slain by a wraith (7 damage)
             ... in an ossuary.
             The game lasted 00:05:03 (4331 turns).

leviel the Chopper (Hill Orc Berserker)             Turns: 4331, Time: 00:05:04

Health: -1/70      AC: 11    Str: 27    XL:     5   Next: 87%
Magic:  5/5        EV:  8    Int:  7    God:    Trog [***...]
Gold:   215        SH:  0    Dex: 10    Spells: 4/4 levels left

rFire    . . .     SeeInvis .   a - +0 hand axe
rCold    . . .     Faith    .   (no shield)
rNeg     . . .     Spirit   .   b - +0 plate armour
rPois    .         Reflect  .   (no helmet)
rElec    .         Harm     .   (no cloak)
rCorr    .         Rampage  .   (no gloves)
MR       .....                  (no boots)
Stlth    ..........             (no amulet)
HPRegen  0.21/turn              g - +6 ring of strength
MPRegen  0.09/turn              f - ring of flight

@: berserking (expiring), slowed
A: no striking features
a: Berserk, Trog's Hand, Renounce Religion, Evoke Flight


You were in an ossuary.
You worshipped Trog.
Trog was most pleased with you.
You visited 1 branch of the dungeon, and saw 4 of its levels.
You also visited: Ossuary.

You collected 215 gold pieces.

Inventory:

Hand Weapons
 a - a +0 hand axe (weapon)
Armour
 b - a +0 plate armour (worn)
Jewellery
 f - a ring of flight (right hand)
 g - a +6 ring of strength (left hand)
 m - an uncursed ring of ice
Wands
 t - a wand of enslavement (9)
Scrolls
 c - 6 scrolls of identify {unknown}
 e - a scroll of enchant weapon {unknown}
 h - 2 scrolls of remove curse {unknown}
 i - 2 scrolls of immolation {unknown}
 j - a scroll of enchant armour {unknown}
 k - 5 scrolls of teleportation {unknown}
 l - a scroll of amnesia {unknown}
 p - 2 scrolls of magic mapping {unknown}
 r - a scroll of noise {unknown}
 s - a scroll of fear {unknown}
Potions
 d - a potion of ambrosia {unknown}
 n - a potion of haste {unknown}
 o - a potion of cancellation {unknown}
 q - a potion of mutation {unknown}


   Skills:
 + Level 4.8 Fighting
 + Level 6.4 Axes
 + Level 3.3 Armour
 + Level 1.9 Dodging
 + Level 0.5 Stealth


You had 4 spell levels left.
You didn't know any spells.
Your spell library was empty.

Dungeon Overview and Level Annotations

Branches:
Dungeon (4/15)            Ossuary (1/1)
 Temple: D:4-7

Altars:
Hepliaklqana
Nemelex Xobeh
The Shining One


Message History

* * * LOW HITPOINT WARNING * * *
The wraith drains your vigour!
You feel as though you will be slow longer.
You closely miss the wraith.
The wraith is heavily damaged.
The wraith closely misses you.
You completely miss the wraith.
The wraith is heavily damaged.
The wraith hits you.
* * * LOW HITPOINT WARNING * * *
The wraith drains your vigour!
You feel as though you will be slow longer.
You are too berserk!
You hit the wraith.
The wraith is heavily damaged.
The wraith barely misses you.
You hit the wraith.
The wraith is heavily damaged.
The wraith hits you!
You die...

#.###.....###.#
#.#z#.....#z#.#
#.###.....###.#
#.............#
#.............#
#.###.###.###.#
# #.#z#.#.#.#
#.###.##W.#
........@.#
###########


You could see a wraith and a flying skull.

Vanquished Creatures
  5 gnolls
  5 adders
  2 oozes
  3 worms (D:2)
  A dart slug (D:1)
  4 leopard geckos
  An orc (D:3)
  A ball python (D:2)
  10 bats
  2 giant cockroaches
  6 goblins
  8 hobgoblins
  10 jackals (D:2)
  2 quokkas (D:3)
  A ball python skeleton (Ossuary)
  2 frilled lizards (D:1)
  A hobgoblin skeleton (Ossuary)
  2 hobgoblin zombies (Ossuary)
  A jackal skeleton (D:3)
  15 kobolds
  A leopard gecko skeleton (D:4)
  4 orc skeletons (Ossuary)
  9 rats
96 creatures vanquished.

Notes
Turn   | Place    | Note
-------+----------+-------------------------------------------
     0 | D:1      | leviel the Hill Orc Berserker began the quest for the Orb.
     0 | D:1      | Reached XP level 1. HP: 19/19 MP: 1/1
   435 | D:1      | Reached XP level 2. HP: 27/27 MP: 2/2
  1068 | D:1      | Reached XP level 3. HP: 7/33 MP: 3/3
  1927 | D:2      | Reached ** piety under Trog
  1968 | D:2      | Reached skill level 5 in Axes
  1976 | D:2      | Found a sparkling altar of Nemelex Xobeh.
  2000 | D:2      | Reached XP level 4. HP: 40/40 MP: 4/4
  2078 | D:2      | HP: 2/41 [gnoll/+0 spear (7)]
  2095 | D:2      | Reached XP level 5. HP: 17/47 MP: 5/5
  2619 | D:2      | Found a glowing golden altar of the Shining One.
  2720 | D:2      | Found a hazy altar of Hepliaklqana.
  2899 | D:2      | Reached skill level 6 in Axes
  3654 | D:3      | Reached *** piety under Trog
  4129 | D:4      | Found a sand-covered staircase.
  4167 | Ossuary  | Entered an ossuary
  4270 | Ossuary  | Noticed a wraith
  4270 | Ossuary  | Noticed a flying skull
  4279 | Ossuary  | Noticed a flying skull
  4281 | Ossuary  | Noticed a flying skull
  4306 | Ossuary  | Noticed a flying skull
  4313 | Ossuary  | Noticed a wraith
  4331 | Ossuary  | Slain by a wraith

Illustrated notes

Levels and vault maps discovered:
D:1:      lemuel_arrival_lava_pool, layout_loops_cross, minmay_tree_intersection
D:2:      layout_loops_cross, lemuel_crystal_altar, lemuel_round_altar,
          lemuel_doored_altar, grunt_ministairs_3, st_stairs_8
D:3:      layout_basic, st_stairs_10, minmay_randomly_rotated_circles
D:4:      layout_basic, nicolae_overflow_crystal_walls,
          overflow_temple_1_default, minmay_temple_entry_offerings,
          nicolae_ossuary_entry_plus, minmay_misc_feat_alley,
          minmay_shop_grid_forest
Ossuary:  ossuary_due_cavern

Skill      XL: |  1  2  3  4  5 |
---------------+----------------+-----
Fighting       | 4 |  4.8
Axes           | 5 6 |  6.4
Armour         | 3 |  3.3
Dodging        | |  1.9
Stealth        | |  0.5

Action                   |  1- 3 |  4- 6 || total
-------------------------+-------+-------++-------
Melee: Hand axe          |   128 |   249 ||   377
Invok: Berserk           |     1 |     2 ||     3
  Use: Potion            |       |     3 ||     3
 Stab: Sleeping          |     1 |       ||     1
Armor: Animal skin       |     6 |       ||     6
       Plate armour      |    35 |   181 ||   216
Dodge: Dodged            |    60 |   121 ||   181

Table legend: (Time is in decaauts)
 A = Elapsed time spent in this place.
 B = Non-inter-level travel time spent in this place.
 C = Inter-level travel time spent in this place.
 D = Time resting spent in this place.
 E = Time spent auto-exploring this place.
 F = Levels seen in this place.
 G = Mean time per level.
                   A        B        C        D        E       F      G
               +--------+--------+--------+--------+--------+-----+--------+
         Total |   4364 |   4364 |      0 |    977 |   2635 |   5 |  872.8 |
       Dungeon |   4197 |   4197 |      0 |    977 |   2519 |   4 | 1049.2 |
       Ossuary |    166 |    166 |      0 |      0 |    116 |   1 |  166.0 |
               +--------+--------+--------+--------+--------+-----+--------+

Top non-repeatable levels by time:
     D:1: 1769 daAuts
     D:2: 1394 daAuts
     D:3: 971 daAuts
 Ossuary: 166 daAuts
     D:4: 62 daAuts
